 Dungeon Crawl Stone Soup version 0.30-a0-748-ge6a52f7cba (webtiles) character file.

Game seed: 5371258157213361431

49 jimonade the Vexing (level 3, 0/23 HPs)
             Began as an Octopode Hexslinger on Feb 8, 2023.
             Slain by an orc wizard
             ... wielding a +0 dagger
              (5 damage)
             ... on level 3 of the Dungeon.
             The game lasted 00:03:41 (2194 turns).

jimonade the Vexing (Octopode Hexslinger)           Turns: 2194, Time: 00:03:41

Health: 0/23       AC:  1    Str:  9    XL:     3   Next: 77%
Magic:  3/4        EV: 13    Int: 15    God:
Gold:   136        SH:  0    Dex: 14    Spells: 3/4 levels left

rFire   . . .      SeeInvis .    a - +1 sling
rCold   . . .      Faith    .    (no shield)
rNeg    . . .      Spirit   .    (helmet restricted)
rPois   .          Reflect  .    (no amulet)
rElec   .          Harm     .    (no ring)
rCorr   .          Rampage  .    (no ring)
Will    .....                    (no ring)
Stlth   ++                       (no ring)
HPRegen 0.23/turn                (no ring)
MPRegen 0.09/turn                (no ring)
                                 (no ring)
                                 (no ring)

@: no status effects
A: almost no armour, amphibious, 8 rings, camouflage 1, gelatinous body 1,
(nimble swimmer 1), tentacles
a: no special abilities


You were on level 3 of the Dungeon.
You visited 1 branch of the dungeon, and saw 3 of its levels.

You collected 136 gold pieces.

Inventory:

Hand Weapons
 a - a +1 sling (weapon)
 h - a +4 flail
Scrolls
 b - 3 scrolls of poison
 d - a scroll of amnesia {unknown}
 f - a scroll of blinking {unknown}
 i - a scroll of teleportation {unknown}
 j - a scroll of fog {unknown}
 l - a scroll of fear {unknown}
Potions
 c - a potion of magic {unknown}
 e - a potion of mutation {unknown}
 g - a potion of degeneration {unknown}
 k - a potion of flight {unknown}


   Skills:
 + Level 1.2 Fighting
 * Level 3.3 Ranged Weapons
 + Level 2.0 Dodging
 + Level 1.2 Spellcasting
 + Level 3.4 Hexes


You had 3 spell levels left.
You knew the following spells:

 Your Spells              Type           Power      Damage    Failure   Level
a - Slow                  Hex            44%        N/A       6%          1

Your spell library contained the following spells:

 Spells                   Type           Power      Damage    Failure   Level
 Magic Dart               Conj           0%         1d3       24%         1
 Sting                    Tmut/Pois      0%         1d3       24%         1
 Inner Flame              Hex/Fire       6%         N/A       34%         3
 Portal Projectile        Hex/Tloc       12%        N/A       34%         3
 Poisonous Vapours        Pois/Air       0%         N/A       36%         2
 Searing Ray              Conj           0%         2d4       36%         2
 Cause Fear               Hex            5%         N/A       52%         4
 Fulminant Prism          Conj/Hex       3%         3d5       75%         4
 Olgreb's Toxic Radiance  Pois           0%         N/A       94%         4


Dungeon Overview and Level Annotations

Branches:
Dungeon (3/15)

Altars:
Fedhas

Shops:
D:2 !


Innate Abilities, Weirdness & Mutations

You cannot wear most types of armour.
You are amphibious.
You can wear up to eight rings at the same time.
Your skin changes colour to match your surroundings (Stealth+).
Your rubbery body absorbs attacks. (AC +1, EV +1)
((You are camouflaged when in or above water. (Stealth+)))
You have tentacles for arms and can constrict up to eight enemies at once.


Message History

The frilled lizard closely misses you.
You shoot a sling bullet.
The sling bullet hits the frilled lizard.
You kill the frilled lizard!
The orc hits you from afar with a +0 trident.
The orc closely misses you.
You are too injured to fight recklessly!
You are too injured to fight recklessly!
You are too injured to fight recklessly!
You are too injured to fight recklessly!
Fire: a) +1 sling
Press: ? - help, Q - select action, (/) - cycle Shift-Dir - straight line, f - orc wizard
Aim: an orc wizard, wielding a +0 dagger and wearing a +0 robe (50% to hit)
You shoot a sling bullet. The sling bullet barely misses the orc.
The sling bullet closely misses the orc wizard.
The orc hits you from afar with a +0 trident.
Fire: a) +1 sling
Press: ? - help, Q - select action, (/) - cycle Shift-Dir - straight line, f/p - orc wizard
Aim: an orc wizard, wielding a +0 dagger and wearing a +0 robe (50% to hit)
You shoot a sling bullet. The sling bullet hits the orc.
You kill the orc!
Fire: a) +1 sling
Press: ? - help, Q - select action, (/) - cycle Shift-Dir - straight line, f/p - orc wizard
Aim: an orc wizard, wielding a +0 dagger and wearing a +0 robe (50% to hit)
You shoot a sling bullet.
The sling bullet closely misses the orc wizard.
Fire: a) +1 sling
Press: ? - help, Q - select action, (/) - cycle Shift-Dir - straight line, f/p - orc wizard
Aim: an orc wizard, wielding a +0 dagger and wearing a +0 robe (50% to hit)
You shoot a sling bullet.
The sling bullet completely misses the orc wizard.
The orc wizard hits you with a +0 dagger.
* * * LOW HITPOINT WARNING * * *
Fire: a) +1 sling
Press: ? - help, Q - select action, (/) - cycle Shift-Dir - straight line, f/p - orc wizard
Aim: an orc wizard, wielding a +0 dagger and wearing a +0 robe (50% to hit)
You shoot a sling bullet. The sling bullet hits the orc wizard.
The orc wizard is moderately wounded.
The orc wizard hits you with a +0 dagger.
You die...

####.#.#
#.#####..# #.#.#
#......... #.#.#
#########. #.#.#
####. #l#.# #..>.
#.#.# #.###
#.#)#.......##
#.... #o#........#
##..# #@#........#
#..# #.##.......#
#..# #.##.......#
#..# #.##.......#
#..#
#.##.......####..#
#..'.......+.....#
####.......#####.#
#####.......# #..
#......)##### ###


You could see an orc wizard.

Vanquished Creatures
  An adder (D:2)
  2 orcs (D:3)
  A ball python (D:1)
  A bat (D:2)
  2 endoplasms
  2 giant cockroaches
  7 goblins
  3 hobgoblins
  3 jackals
  A quokka (D:2)
  2 frilled lizards
  4 kobolds
  4 rats
33 creatures vanquished.

Notes
Turn   | Place    | Note
-------+----------+-------------------------------------------
     0 | D:1      | jimonade the Octopode Hexslinger began the quest for the
                  | Orb.
     0 | D:1      | Reached XP level 1. HP: 13/13 MP: 2/2
    99 | D:1      | Reached XP level 2. HP: 18/18 MP: 1/3
   869 | D:2      | Found Gelush's Distillery.
  1298 | D:2      | Reached XP level 3. HP: 23/23 MP: 2/4
  1369 | D:2      | Found a blossoming altar of Fedhas.
  1386 | D:2      | Found a faded altar of an unknown god.
  2194 | D:3      | Slain by an orc wizard

Illustrated notes

Levels and vault maps discovered:
D:1:      heliophobic_arrival_ceremonial_halls, layout_basic
D:2:      layout_basic, basic_altar, serial_shops,
          nicolae_shop_advertising_works [nicolae_subvault_shop_adworks],
          chequers_ecumenical_altar_simple, minmay_misc_feat_columns
D:3:      layout_basic, grunt_temple_overflow_diamond, minmay_between

Skill      XL: |  1  2  3 |
---------------+----------+-----
Ranged Weapons | 3 |  3.3
Fighting       | |  1.2
Dodging        | |  2.0
Spellcasting   | |  1.2
Hexes          | |  3.4

Action                     || total
---------------------------++-------
   Fire: Sling             ||   114
   Cast: Slow              ||    24
 Armour: Skin              ||     1
  Dodge: Dodged            ||    26

Table legend: (Time is in decaauts)
 A = Elapsed time spent in this place.
 B = Non-inter-level travel time spent in this place.
 C = Inter-level travel time spent in this place.
 D = Time resting spent in this place.
 E = Time spent auto-exploring this place.
 F = Levels seen in this place.
 G = Mean time per level.
                   A        B        C        D        E       F      G
               +--------+--------+--------+--------+--------+-----+--------+
         Total |   2223 |   2122 |    101 |     57 |   1782 |   3 |  741.0 |
       Dungeon |   2223 |   2122 |    101 |     57 |   1782 |   3 |  741.0 |
               +--------+--------+--------+--------+--------+-----+--------+

Top non-repeatable levels by time:
     D:2: 1143 daAuts
     D:1: 791 daAuts
     D:3: 287 daAuts
